 Dungeon Crawl Stone Soup version 0.30-a0-956-gcec3b41aec (webtiles) character file.

Game seed: 7955344457714124925

7 BlueFish the Grasshopper (level 2, 0/19 HPs)
             Began as an Octopode Warper on Mar 29, 2023.
             Slain by a quokka (5 damage)
             ... on level 1 of the Dungeon.
             The game lasted 00:00:41 (127 turns).

BlueFish the Grasshopper (Octopode Warper)           Turns: 127, Time: 00:00:42

Health: 0/19       AC:  1    Str: 10    XL:     2   Next: 0%
Magic:  5/5        EV: 13    Int: 15    God:
Gold:   36         SH:  0    Dex: 11    Spells: 5/5 levels left

rFire   . . .      SeeInvis .    g - +0 whip
rCold   . . .      Faith    .    (no shield)
rNeg    . . .      Spirit   .    (helmet restricted)
rPois   .          Reflect  .    (no amulet)
rElec   .          Rampage  .    (no ring)
rCorr   .                        (no ring)
Will    .....                    (no ring)
Stlth   ++                       (no ring)
HPRegen 0.23/turn                (no ring)
MPRegen 0.09/turn                (no ring)
                                 (no ring)
                                 (no ring)

@: no status effects
A: almost no armour, amphibious, 8 rings, camouflage 1, gelatinous body 1,
(nimble swimmer 1), tentacles
a: no special abilities


You were on level 1 of the Dungeon.
You visited 1 branch of the dungeon, and saw 1 of its levels.

You collected 36 gold pieces.

Inventory:

Hand Weapons
 d - a +0 club
 g - a +0 whip (weapon)
Missiles
 b - 7 boomerangs of dispersal (quivered)
Scrolls
 a - a scroll of blinking
 c - a scroll of identify {unknown}
 f - a scroll of enchant weapon {unknown}
Potions
 e - a potion of might {unknown}


   Skills:
 + Level 2.0 Fighting
 * Level 0.1 Maces & Flails
 + Level 1.1 Throwing
 + Level 2.4 Dodging
 * Level 1.1 Stealth
 - Level 2.0 Unarmed Combat
 + Level 2.0 Spellcasting
 + Level 3.0 Translocations


You had 5 spell levels left.
You didn't know any spells.
Your spell library contained the following spells:

 Spells                   Type           Power      Damage    Failure   Level
 Blink                    Tloc           20%        N/A       10%         2
 Lesser Beckoning         Tloc           20%        N/A       10%         2
 Teleport Other           Tloc           10%        N/A       19%         3
 Vhi's Electric Charge    Tloc/Air       12%        N/A       34%         3
 Manifold Assault         Tloc           10%        N/A       54%         4


Dungeon Overview and Level Annotations

Branches:
Dungeon (1/15)

Altars:


Innate Abilities, Weirdness & Mutations

You cannot wear most types of armour.
You are amphibious.
You can wear up to eight rings at the same time.
Your skin changes colour to match your surroundings (Stealth+).
Your rubbery body absorbs attacks. (AC +1, EV +1)
((You are camouflaged when in or above water. (Stealth+)))
You have tentacles for arms and can constrict up to eight enemies at once.


Message History

You see here a white potion.
The helpless frilled lizard fails to defend itself.
You hit the frilled lizard.
You kill the frilled lizard!
e - a white potion You now have 36 gold pieces (gained 10).
Found a whip.
f - a scroll labelled UMNULEOGICK
Found 9 gold pieces.
A quokka comes into view.
A frilled lizard comes into view.
The frilled lizard hisses angrily.
A jackal comes into view.
The jackal barks!
You hear a bark!
A jackal comes into view.
You see here a +0 whip.
g - a +0 whip (weapon)
The jackal closely misses you. The frilled lizard barely misses you.
The frilled lizard bites you. The jackal attacks as you move away!
The jackal bites you. x2
You closely miss the jackal. You grab the jackal.
You constrict the jackal, but do no damage.
The jackal closely misses you.
You hit the jackal but do no damage. You constrict the jackal.
The jackal bites you.
A jackal comes into view.
The jackal bites you but does no damage.
The jackal barks!
You hit the jackal.
The jackal is almost dead.
You constrict the jackal, but do no damage.
The jackal bites you.
* * * LOW HITPOINT WARNING * * *
You hit the jackal.
You kill the jackal!
You have reached level 2!
You hit the quokka. Your grab misses the quokka.
The quokka is heavily wounded.
The quokka bites you.
You die...

#. ####...##.#######.
#...##................
##...##.##†####.#######
........##.####.#
###.............#
......####.######
..####... #.#
.....##.#####.# ###
#....hr@...# ##..
#.....####.# #..#
#$..#......# #...
........###### #..≈
..##..#.## #.≈≈ .
...... #.§≈ ##.####
#.≈≈ #. #..≈ #...


You could see a quokka and a jackal.

Vanquished Creatures
  2 endoplasms (D:1)
  A jackal (D:1)
  A quokka (D:1)
  A frilled lizard (D:1)
  A goblin (D:1)
6 creatures vanquished.

Notes
Turn   | Place    | Note
-------+----------+-------------------------------------------
     0 | D:1      | BlueFish the Octopode Warper began the quest for the Orb.
     0 | D:1      | Reached XP level 1. HP: 14/14 MP: 3/3
    63 | D:1      | Reached skill level 1 in Stealth
   127 | D:1      | Reached XP level 2. HP: 5/19 MP: 5/5
   127 | D:1      | Slain by a quokka

Illustrated notes

Levels and vault maps discovered:
D:1:      dpeg_arrival_pits, layout_loops_ring, serial_shops,
          nicolae_shop_window_shopping, chequers_serial_rivers_micro_a,
          chequers_mini_garden

Skill      XL: |  1 |
---------------+----+-----
Stealth        | 1 |  1.1
Fighting       | |  2.0
Maces & Flails | |  0.1
Throwing       | |  1.1
Dodging        | |  2.4
Unarmed Combat | |  2.0
Spellcasting   | |  2.0
Translocations | |  3.0

Action                     || total
---------------------------++-------
  Melee: Unarmed           ||     6
         Whip              ||     5
         Constrict         ||     2
         Club              ||     1
         Tentacles         ||     1
   Stab: Sleeping          ||     3
 Armour: Skin              ||     1
  Dodge: Dodged            ||     4

Table legend: (Time is in decaauts)
 A = Elapsed time spent in this place.
 B = Non-inter-level travel time spent in this place.
 C = Inter-level travel time spent in this place.
 D = Time resting spent in this place.
 E = Time spent auto-exploring this place.
 F = Levels seen in this place.
 G = Mean time per level.
                   A        B        C        D        E       F      G
               +--------+--------+--------+--------+--------+-----+--------+
         Total |    126 |    126 |      0 |      0 |     77 |   1 |  126.0 |
       Dungeon |    126 |    126 |      0 |      0 |     77 |   1 |  126.0 |
               +--------+--------+--------+--------+--------+-----+--------+

Top non-repeatable levels by time:
     D:1: 126 daAuts
